 Dungeon Crawl Stone Soup version 0.21.0 (webtiles) character file.

1040 Tiamat the Grappler (level 8, 0/59 HPs)
             Began as a Grey Draconian Transmuter on Jan 17, 2018.
             Slain by a quokka skeleton (3 damage)
             ... on level 5 of the Dungeon.
             The game lasted 00:09:49 (3317 turns).

Tiamat the Grappler (Grey Draconian Transmuter)     Turns: 3317, Time: 00:09:50

Health: 0/59       AC:  2    Str: 11 (13) XL:     8   Next: 4%
Magic:  6/11       EV: 19    Int: 15 (16) God:
Gold:   240        SH:  0    Dex: 15 (16) Spells: 7/11 levels left

rFire    . . .     SeeInvis .     - Unarmed
rCold    . . .     Gourm    .   (shield currently unavailable)
rNeg     . . .     Faith    .   (armour unavailable)
rPois    x         Spirit   .   (helmet currently unavailable)
rElec    .         Reflect  .   (cloak currently unavailable)
rCorr    .         Harm     .   (gloves currently unavailable)
MR       .....                  (boots currently unavailable)
Stlth    +.........             (no amulet)
HPRegen  0.19/turn              (no ring)
MPRegen  0.12/turn              (no ring)

@: spider-form
A: tiny, (walk through water), unfitting armour, AC +11
a: End Transformation


You were on level 5 of the Dungeon.
You were very hungry.
You were a venomous arachnid creature.
You visited 1 branch of the dungeon, and saw 5 of its levels.
You also visited: Sewer.

You collected 240 gold pieces.

Inventory:

Hand Weapons
 g - the +6 mace "Zadaeqik" {drain, *Rage rC+ Int-2 Dex+9, unknown}
   (You found it on level 4 of the Dungeon)

   A truly terrible weapon, it drains the life of those it strikes.
   It affects your intelligence (-2).
   It affects your dexterity (+9).
   It protects you from cold.
   It may make you go berserk in combat.
 t - a +0 dagger
Missiles
 a - 65 arrows
 o - 7 poisoned javelins (quivered)
 u - 34 poisoned needles
Armour
 m - a +0 pair of gloves (melded)
 r - a +1 cloak (melded)
Jewellery
 h - an uncursed ring of fire {unknown}
Wands
 x - a wand of random effects (28)
Scrolls
 e - 2 scrolls of amnesia
 f - 3 scrolls of teleportation
 j - 2 scrolls of remove curse
 n - 2 scrolls of identify {unknown}
 q - a scroll of random uselessness {unknown}
 v - a scroll of blinking {unknown}
 y - a scroll of fear
 z - a scroll of magic mapping {unknown}
Potions
 d - a potion of cancellation {unknown}
 i - a potion of degeneration
 k - a potion of lignification {unknown}
 p - a potion of brilliance {unknown}
 s - a potion of magic {unknown}
 w - 2 potions of heal wounds {unknown}
Books
 b - a book of Changes

   Spells                             Type                      Level
   a - Beastly Appendage              Transmutation                1
   b - Sticks to Snakes               Transmutation                2
   c - Spider Form                    Transmutation/Poison         3
   d - Ice Form                       Ice/Transmutation            4
   e - Blade Hands                    Transmutation                5
Comestibles
 c - 12 rations


   Skills:
 - Level 1.1 Fighting
 - Level 1.7 Dodging
 * Level 8.2 Unarmed Combat
 - Level 2.0 Spellcasting
 + Level 5.7 Transmutations


You had 7 spell levels left.
You knew the following spells:

 Your Spells              Type           Power        Failure   Level  Hunger
a - Beastly Appendage     Tmut           ###...       9%          1    #......
b - Spider Form           Tmut/Pois      ##........   41%         3    ###....


Dungeon Overview and Level Annotations

Branches:
Dungeon (5/15)
 Temple: D:4-7

Altars:
Elyvilon
Fedhas
Gozag
Hepliaklqana
Okawaru
Qazlal
Uskayaw
Xom

Annotations:
D:2 2 transporters


Innate Abilities, Weirdness & Mutations

((You can walk through water.))
((Your dull iron-grey scales are very hard. (AC +11)))
You cannot fit into any form of body armour.
((You can survive without breathing.))
((You are cold-blooded and may be slowed by cold attacks.))


Message History

The gnoll is almost dead.
The quokka skeleton barely misses you.
You barely miss the gnoll.
The gnoll is almost dead.
You feel sick.
The gnoll hits you from afar with a halberd!
* * * LOW HITPOINT WARNING * * *
The gnoll barely misses you. The quokka skeleton bites you.
* * * LOW HITPOINT WARNING * * *
You feel better.
You are feeling very hungry.
You kill the gnoll!
The gnoll closely misses you. The quokka skeleton bites you.
* * * LOW HITPOINT WARNING * * *
Unknown command.
It was a potion of degeneration.
There was something very wrong with that liquid.
You feel weakened.
You feel dopey.
You feel clumsy. The quokka skeleton bites you.
You die...

..............#.....
.......#####...#####
......## ##.##...##
..##..# #.#.8.8.# ).
#### #.#.._..# .
#.#...8.# +#.#'...#
.
..#####...#####.<..
........⌠.Zs)g.....
..#####...#####....
#...'#.#'...# .
#.8...#.#...8.#
#.._..#.#.._..#
#.8.8.#.#.8.8.#
##...##.##...## ####
... #### ..#


You could see a gnoll and a quokka skeleton.

Vanquished Creatures
  Sigmund (D:2)
  Menkaure (D:4)
  A sky beast (D:3)
  A phantom (D:4)
  2 bullfrogs (Sewer)
  A gnoll sergeant (D:5)
  A scorpion (D:3)
  A bullfrog zombie (D:5)
  A hound (D:4)
  A jelly (D:4)
  An iguana (D:4)
  A worker ant (D:4)
  4 gnolls
  7 adders
  An ooze (D:4)
  3 worms
  3 leopard geckos
  4 orcs
  6 bats
  8 giant cockroaches
  10 goblins
  8 hobgoblins
  3 jackals (D:1)
  6 kobolds
  2 quokkas (D:4)
  8 ball pythons
  9 frilled lizards
  7 rats
102 creatures vanquished.

Notes
Turn   | Place    | Note
-------+----------+-------------------------------------------
     0 | D:1      | Tiamat the Draconian Transmuter began the quest for the Orb.
     0 | D:1      | Reached XP level 1. HP: 16/16 MP: 3/3
   175 | D:1      | Reached XP level 2. HP: 16/23 MP: 3/5
   387 | D:1      | Reached XP level 3. HP: 23/28 MP: 6/6
   472 | D:1      | Reached skill level 4 in Unarmed Combat
   614 | D:2      | Found an iron altar of Okawaru.
   670 | D:2      | Found a blossoming altar of Fedhas.
   675 | D:2      | Found a transporter.
   676 | D:2      | Noticed a killer bee
   701 | D:2      | Learned a level 3 spell: Spider Form
   709 | D:2      | Noticed Sigmund
   740 | D:2      | Killed Sigmund
   740 | D:2      | Reached skill level 5 in Unarmed Combat
   740 | D:2      | Reached XP level 4. HP: 35/35 MP: 1/7
   740 | D:2      | Reached XP level 5. HP: 40/40 MP: 1/8
   819 | D:2      | Found a transporter.
  1085 | D:2      | Found a hazy altar of Hepliaklqana.
  1816 | D:3      | Reached XP level 6. HP: 31/47 MP: 2/9
  1880 | D:3      | Found a shimmering altar of Xom.
  1888 | D:3      | Noticed a sky beast
  1906 | D:3      | Killed a sky beast
  1906 | D:3      | Reached skill level 6 in Unarmed Combat
  2082 | D:4      | Noticed Menkaure
  2087 | D:4      | Killed Menkaure
  2087 | D:4      | Your scales start taking on a dull iron-grey colour.
  2087 | D:4      | Reached XP level 7. HP: 33/52 MP: 6/10
  2087 | D:4      | Gained mutation: You can survive without breathing. [Grey Draconian growth]
  2371 | D:4      | Got a polished mace
  2534 | D:4      | Reached skill level 7 in Unarmed Combat
  2550 | D:4      | Found an opulent altar of Gozag.
  2676 | D:4      | Found a glowing drain.
  2699 | Sewer    | Entered a sewer
  2793 | Sewer    | Reached skill level 5 in Transmutations
  3221 | D:5      | Entered Level 5 of the Dungeon
  3254 | D:5      | Reached skill level 8 in Unarmed Combat
  3279 | D:5      | Found a white marble altar of Elyvilon.
  3282 | D:5      | Found a stormy altar of Qazlal.
  3285 | D:5      | Found a hide-covered altar of Uskayaw.
  3310 | D:5      | Reached XP level 8. HP: 15/59 MP: 8/11
  3315 | D:5      | HP: 1/59 [quokka skeleton (2)]
  3317 | D:5      | Slain by a quokka skeleton

Skill      XL: |  1  2  3  4  5  6  7 |
---------------+----------------------+-----
Unarmed Combat | 5 6 8 |  8.2
Transmutations | 3 4 5 |  5.7
Fighting       | |  1.1
Dodging        | |  1.7
Spellcasting   | |  2.0

Action                   |  1- 3 |  4- 6 |  7- 9 || total
-------------------------+-------+-------+-------++-------
Melee: Unarmed           |   107 |    91 |   146 ||   344
       Tailslap          |     8 |     5 |    12 ||    25
       Kick              |     3 |       |     4 ||     7
       Headbutt          |     3 |       |     1 ||     4
       Punch             |     1 |       |     3 ||     4
 Cast: Beastly Appendage |     7 |       |     3 ||    10
       Spider Form       |     2 |     5 |     9 ||    16
  Use: Scroll            |       |     6 |       ||     6
       Potion            |       |       |     3 ||     3
 Stab: Sleeping          |     2 |       |       ||     2
  Eat: Chunk             |       |     5 |     5 ||    10
Armor: Skin              |    23 |    24 |    34 ||    81
Dodge: Dodged            |    66 |    48 |   110 ||   224
